Map: [ESL] Oceanborn

Players

YoungYakov

  • Race: Zerg Zerg
  • Spawn Location: 5:00

Wayne - Winner!

  • Race: Zerg Zerg
  • Spawn Location: 11:00

Event: ESL SC2 Masters 2023 Winter (Regional)

VOD

Have the link to the VOD?

Description

Time

  • Played on: Oct. 27, 2023, 10:17 a.m.
  • Length: 4:21

All games in this series

Show
View Real Time Build Order
Export as new Build Order

YoungYakov Zerg 

Build Orders: Pool First 

Get SALT Encoding   

  12  0:16  Spawning Pool  
  11  0:21  Drone  
  11  0:26  Drone  
  13  0:30  Drone  
  14  0:39  Overlord  
  14  1:03  Zergling x4  
  16  1:05  Zergling x2  
  16  1:08  Extractor  
  16  1:15  Zergling x2  
  17  1:20  Hatchery  
  16  1:26  Zergling x2  
  17  1:37  Zergling x2  
  18  1:45  Queen  
  20  1:51  Zergling x2  
  21  2:07  Metabolic Boost  
  20  2:15  Zergling x2  
  20  2:16  Zergling x2  
  22  2:36  Zergling x4  
  26  2:41  Zergling x2  
  26  2:44  Overlord  
  25  2:47  Zergling x2  
  25  2:53  Zergling x2  
  25  2:54  Zergling x2  
  27  3:03  Zergling x2  
  27  3:04  Zergling x4  
  28  3:08  Zergling x4  
  27  3:20  Zergling x2  
  27  3:21  Zergling x2  
  27  3:27  Zergling x2  
  30  3:33  Drone x2  
  30  3:39  Drone  
  30  3:49  Drone  
  30  3:53  Baneling Nest  
  30  3:58  Zergling x2  
  30  4:01  Zergling x2  
Show
View Real Time Build Order
Export as new Build Order

Wayne Zerg - Winner!

Build Orders: Pool First 

Get SALT Encoding   

  12  0:00  Drone  
  13  0:12  Overlord  
  13  0:16  Drone  
  14  0:31  Drone x2  
  16  0:40  Spawning Pool  
  15  0:43  Drone  
  15  0:47  Drone  
  18  0:57  Drone  
  18  0:58  Extractor  
  17  1:08  Drone  
  18  1:16  Hatchery  
  17  1:28  Zergling x4  
  19  1:33  Queen  
  21  1:40  Overlord  
  21  1:49  Zergling x2  
  22  1:59  Metabolic Boost  
  22  2:02  Zergling x2  
  23  2:10  Queen  
  24  2:17  Zergling x2  
  25  2:28  Zergling x4  
  27  2:42  Zergling x8  
  31  2:52  Overlord  
  31  2:56  Zergling x4  
  33  3:05  Overlord  
  33  3:12  Zergling x6  
  34  3:15  Zergling x2  
  34  3:16  Zergling x2  
  36  3:20  Zergling x2  
  36  3:21  Zergling x2  
  36  3:27  Zergling x4  
  37  3:35  Zergling x4  
  37  3:38  Zergling x2  
  37  3:39  Zergling x2  
  41  3:45  Zergling x4  
  43  3:50  Zergling x4  
  43  3:53  Zergling x2  
  46  3:57  Zergling x2  
  46  4:00  Zergling x2  
Tags
 
Add a new tag
Caveats
  • Supply blocks, unpowered buildings, or Contaminate may cause inaccurate times.
  • Supply counts are checked every 10 seconds.